[Event "FIDE CB Open 2022"]
[Site "Ceske Budejovice"]
[Date "2022.07.05"]
[Round "5.11"]
[White "Valantiejus, Vaidotas"]
[Black "Lacina, Adolf"]
[Result "1-0"]
[ECO "C03"]
[WhiteElo "2062"]
[BlackElo "2225"]
[Annotator "TA"]
[PlyCount "71"]
[EventDate "2022.07.01"]
[EventType "swiss"]
[EventCountry "CZE"]
[SourceTitle "playchess.com"]
[Source "ChessBase"]
[SourceQuality "1"]
[TimeControl "40/5400+30:1800+30"]

1. e4 e6 2. d4 d5 3. Nd2 Be7 4. Ngf3 Nf6 5. e5 Nfd7 6. Bd3 c5 7. c3 {[%emt 0:00:05] C03: French Tarrasch: Unusual Black 3rd moves.} b6 8. O-O Ba6 9. Ne1 {[%emt 0:00:58] The position is equal.} O-O 10. Qg4 Qc8 11. Ndf3 {[%emt 0:03:04] And now Bh6 would win.} f5 {[%emt 0:01:02] [#]} 12. Qh3 $146 ({Predecessor:} 12. Qg3 Nc6 13. Bg5 Bxg5 14. Nxg5 Re8 15. Rc1 h6 16. Nh3 Bxd3 17. Qxd3 Re7 18. Nf4 {½-½ (57) Ragger,M (2669)-Allahverdiyev,A (2407) Budva 2019}) 12... Qd8 13. b3 Rf7 14. Kh1 Nf8 15. Rg1 g5 16. g4 {[%emt 0:02:15] White is more active.} (16. Qh5 $16) 16... f4 17. Bc2 Qc7 18. Ba3 Nc6 19. Rc1 Rc8 20. Rd1 Rg7 21. Bb1 Na5 (21... Qb7 $15) 22. Nd3 (22. Bb2 $11) 22... cxd4 (22... c4 $15 23. Bxe7 (23. Nb4 Bb5 $17) 23... Qxe7) 23. Bxe7 $14 Qxe7 24. cxd4 Rc3 25. Qf1 $1 h5 $2 {[%emt 0:04:11][%mdl 8192] [#]} ({Black should play} 25... Rc7 $14) 26. Qe1 Rc7 27. Rc1 $2 (27. gxh5 $18 {is the precise move to win.} Kh8 28. Rg4) 27... Bb5 $2 (27... Rxc1 $16 28. Qxc1 h4) 28. Rxc7 $18 Qxc7 29. h3 $2 (29. gxh5 $18 Qf7 30. Nxg5 Qxh5 31. Nxf4) 29... Be8 $2 (29... Qf7 $16 {is tougher.}) 30. gxh5 Bxh5 31. Nxg5 Qe7 32. Nxf4 Rxg5 (32... Be8 $142 33. h4 Nc6) 33. Nxh5 {[%emt 0:00:06] [#] White threatens Nf6+ and mate.} Kh8 34. Nf6 Qg7 35. Rg4 $2 (35. Rxg5 {Intending Qg1 and mate.} Qxg5 36. Qc3) 35... Qh6 $2 (35... Rxg4 $18 36. hxg4 Nd7 37. Nxd7 Qxd7) 36. Qe3 {[%emt 0:00:29] Weighted Error Value: White=0.71/Black=1.09} 1-0

[Event "FIDE CB Open 2022"]
[Site "Ceske Budejovice"]
[Date "2022.07.05"]
[Round "5.12"]
[White "Cuhra, Martin"]
[Black "Puncochar, Jiri"]
[Result "0-1"]
[ECO "C51"]
[WhiteElo "2225"]
[BlackElo "2020"]
[Annotator "TA"]
[PlyCount "120"]
[EventDate "2022.07.01"]
[EventType "swiss"]
[EventCountry "CZE"]
[SourceTitle "playchess.com"]
[Source "ChessBase"]
[SourceQuality "1"]
[TimeControl "40/5400+30:1800+30"]

1. e4 e5 2. Nf3 Nc6 3. Bc4 Bc5 4. b4 Bxb4 5. c3 Be7 6. d4 Na5 7. Bd3 d6 {[%emt 0:00:44] C51: Evans Gambit: Declined and Accepted without 5...Ba5.} 8. O-O Nf6 9. Qa4+ c6 {[%emt 0:00:13] The position is equal.} 10. Ba3 b5 11. Qc2 {[%emt 0:04:24] [#]} Qc7 $146 ({Predecessor:} 11... O-O 12. Bxd6 Bxd6 13. dxe5 Bxe5 14. Nxe5 Qe7 15. Nf3 Nc4 16. Bxc4 bxc4 17. Nbd2 Bg4 {½-½ (33) Noetzel,F (2076)-Sappok,M (1971) Berlin 2013}) 12. Bb4 O-O 13. a4 bxa4 14. Qxa4 Nb7 15. Nbd2 c5 16. Ba3 Nd7 17. Nc4 Bf6 18. Rfc1 Nb6 19. Nxb6 Qxb6 20. Rab1 Qc7 21. Bc4 a5 (21... Bd7 $11 22. Qc2 Rfc8) 22. Bd5 $14 {[%emt 0:04:06][%mdl 1024] White has compensation.} Ra7 23. Qb5 a4 24. h3 Be7 25. Qb6 Qxb6 26. Rxb6 exd4 27. cxd4 Nd8 28. e5 dxe5 29. dxe5 (29. Bxc5 Be6 30. Be4 exd4 31. Bxe7 (31. Bxd4 Ra5 $17) (31. Nxd4 $2 Bxc5 32. Rxc5 a3 $17) 31... Rxe7 32. Nxd4 Bxh3 $1 $17) (29. dxc5 $11 {keeps the balance.} Be6 30. Bxe6 Nxe6 31. Nxe5) 29... Be6 30. Be4 Bb3 31. Nd2 (31. Bxc5 $17 Rc7 32. Be3 Rxc1+ 33. Bxc1) 31... c4 (31... Bg5 $19 32. Nxb3 axb3) 32. Nxc4 Bxa3 33. Nxa3 Ne6 34. g3 g6 (34... Ra5 $15 {deserves consideration.} 35. Rb5 Rxb5 36. Nxb5 Rb8) 35. h4 (35. f4 $1 $11) 35... Nd4 36. Kg2 Rd8 37. h5 Kg7 ({But not} 37... gxh5 38. Rh1 $11) 38. Rh1 Ne6 (38... Rc7 $17 39. h6+ Kf8) 39. h6+ $11 Kg8 (39... Kf8 $5 ) 40. Rc1 {[%emt 0:00:43] Inhibits Nc5.} Ng5 41. Bc6 Kf8 42. f4 Ne6 43. Nb5 Ra5 44. Kf2 {[%emt 0:13:20] [#]} (44. Ra1 $11) 44... Kg8 ({Don't take} 44... Rd2+ 45. Ke3 Rd8 46. Ra1 $16 (46. Nd6 Nc5 $14)) (44... a3 $1 $17 {...a2 is the strong threat.} 45. Nd6 Nd4) 45. Ke3 (45. Ra1 $14) 45... a3 46. Ra1 (46. Nd6 $11 Nc5 47. Nb7 Nxb7 48. Rxb3) 46... a2 $17 {[%emt 0:00:32] White must now prevent ...Rd1.} 47. Nd6 Ra3 48. Kd2 Nd4 ({Better is} 48... Bc4 $17 {aiming for ...Nc5.} 49. Kc2 Nd4+ 50. Kb2 Rb3+ 51. Rxb3 Bxb3) 49. Be4 $2 (49. Kc3 $11 Nxc6 50. Rxb3) 49... Be6 $19 {[%emt 0:00:48] Black is clearly winning.} 50. Bc2 Rxg3 {[%emt 0:00:32] And now ...Rg2+ would win.} 51. Bd1 Rh3 52. Ra6 Rxh6 53. Ke3 Nf5+ 54. Nxf5 Bxf5 55. R6xa2 Rd3+ 56. Ke2 Rh2+ 57. Ke1 Rh1+ 58. Ke2 {[%emt 0:00:12] [#]} Rdxd1 $1 59. Rxd1 Rh2+ 60. Ke3 Rxa2 {[%emt 0:00:06] Weighted Error Value: White=0.52/Black=0.21 (precise)} 0-1

[Event "FIDE CB Open 2022"]
[Site "Ceske Budejovice"]
[Date "2022.07.05"]
[Round "5.13"]
[White "Koch-Muller, Oscar"]
[Black "Havelka, Josef"]
[Result "0-1"]
[ECO "E90"]
[WhiteElo "2115"]
[BlackElo "2396"]
[Annotator "TA"]
[PlyCount "82"]
[EventDate "2022.07.01"]
[EventType "swiss"]
[EventCountry "CZE"]
[SourceTitle "playchess.com"]
[Source "ChessBase"]
[SourceQuality "1"]
[TimeControl "40/5400+30:1800+30"]

1. d4 {[%emt 0:00:03] Knaak,R} Nf6 2. c4 g6 3. Nc3 Bg7 4. e4 d6 5. h3 O-O 6. Bg5 Na6 7. Nf3 e5 8. d5 Qe8 9. g4 Nd7 10. Qd2 {[%emt 0:04:54] E90: King's Indian: Classical: Early deviations and 6 h3.} Ndc5 {[%emt 0:11:18] [#]} 11. Bh6 $146 ({Predecessor:} 11. O-O-O Bd7 12. Be3 f5 13. gxf5 gxf5 14. exf5 Bxf5 15. Rg1 Kh8 16. Nh4 Ne4 17. Nxe4 Bxe4 {½-½ (50) San Segundo Carrillo,P (2470)-Illescas Cordoba,M (2590) Madrid 1994 CBM 041 [Knaak,R]}) 11... Bxh6 12. Qxh6 {[%emt 0:00:13] [#] Ng5 would kill now. The position is equal.} f6 {[%emt 0:03:29] Against Ng5} 13. Be2 Nb4 {[%emt 0:06:40] Hoping for ...Nc2+.} 14. O-O-O {[%emt 0:03:00] Against Nc2} Na4 15. Kb1 Nxc3+ $1 16. bxc3 Na6 17. Nh4 (17. Nd2 $15) 17... Nc5 18. f3 a6 (18... b5 $17 {...bxc4 is the strong threat.} 19. cxb5 a6) 19. Ka1 $15 b5 {[%emt 0:03:43] And now ...bxc4 would win.} 20. Rb1 Bd7 21. Rhg1 bxc4 22. Nf5 {[%emt 0:00:16][%csl Gf5][%cal Rh6g7,Bh4f5,Bf5e3,Be3c4][%mdl 32] [#]} Rf7 {[%emt 0:02:13] Against Qg7+} 23. Ne3 Bb5 24. Bxc4 Bxc4 25. Nxc4 Qa4 26. Rb4 Qc2 27. Qd2 Qd3 28. Qxd3 (28. Qe3 {with more complications.} Kg7 29. h4 Qxe3 30. Nxe3 Rff8 31. Kb1) 28... Nxd3 29. Rb7 Nc5 30. Rbb1 Kh8 31. Na5 (31. Nd2 $11 {remains equal.}) 31... f5 $17 32. exf5 gxf5 33. g5 f4 34. Nc6 e4 35. Nd4 e3 (35... Re8 $17 36. Rbf1 Re5) 36. g6 (36. Kb2 $11) 36... hxg6 37. Rxg6 Rg8 38. Rbg1 {[%emt 0:01:18][%mdl 8192] White does not recover from this.} (38. Rxg8+ $17 Kxg8 39. Rg1+ Kh8 40. Ne2) 38... Rxg6 $19 {[%emt 0:01:03] Black is clearly winning.} 39. Rxg6 Rh7 40. Ne6 (40. Rg2 $142 Rxh3 41. Kb2) 40... e2 41. Rg1 Nd3 {[%emt 0:00:39] Weighted Error Value: White=0.56/Black=0.08 (flawless)} 0-1

[Event "FIDE CB Open 2022"]
[Site "Ceske Budejovice"]
[Date "2022.07.05"]
[Round "5.14"]
[White "Simek, Petr"]
[Black "Prazak, Daniel"]
[Result "1-0"]
[ECO "D30"]
[WhiteElo "2348"]
[BlackElo "2113"]
[Annotator "TA"]
[PlyCount "79"]
[EventDate "2022.07.01"]
[EventType "swiss"]
[EventCountry "CZE"]
[SourceTitle "playchess.com"]
[Source "ChessBase"]
[SourceQuality "1"]
[TimeControl "40/5400+30:1800+30"]

1. d4 d5 2. c4 e6 3. Nf3 a6 4. Bg5 Nf6 5. e3 dxc4 6. Bxc4 {[%emt 0:00:08] D30: Queen's Gambit Declined: Systems without Nc3.} b5 7. Bd3 Bb7 8. a4 {[%emt 0:06:52] White is slightly better.} b4 9. Nbd2 Nbd7 10. O-O Be7 {[%emt 0:04:59] [#]} 11. Rc1 $146 (11. Bxf6 $5 Nxf6 12. Nb3 $16) ({Predecessor:} 11. Nb3 O-O 12. Rc1 Rc8 13. Qe2 Bd5 14. Nc5 Nxc5 15. dxc5 Ne4 16. Bxe7 Qxe7 17. Bxe4 Bxe4 {0-1 (46) Guo,Q (2396)-Buksa,N (2385) Riadh 2017}) 11... O-O (11... c5 $11 {remains equal.}) 12. Qe2 {[%emt 0:15:28] White is more active.} c5 13. e4 (13. Bxf6 $16 gxf6 14. Be4) 13... cxd4 $11 14. e5 Nd5 {[%emt 0:01:36] [#]} ({But not} 14... Ng4 15. Bxe7 Qxe7 16. h3 $16) 15. Qe4 $1 g6 16. Qh4 {[%emt 0:01:36] [#]} (16. Bxe7 $11 Qxe7 17. Qxd4) 16... Nxe5 $1 $19 17. Bxe7 {[%emt 0:03:52] [#]} Qxe7 (17... Nxf3+ $1 $17 {stays on course.} 18. Nxf3 Qxe7 19. Qxd4 Rfd8) 18. Qxe7 $40 {[%emt 0:01:38][%mdl 128] White attacks with force. White stays focused until the end.} Nxf3+ 19. gxf3 (19. Nxf3 $2 Nxe7 20. Rc4 Bxf3 21. gxf3 a5 22. Rxd4 Nc6 $17) 19... Nxe7 20. Rc7 Bxf3 21. Nxf3 ({Don't take} 21. Rxe7 $6 Bc6 $16) 21... Nd5 22. Rc6 a5 23. Nxd4 Rad8 24. Bb5 Nf4 25. Nb3 Rd5 26. Rc5 Rxc5 27. Nxc5 Rc8 28. Rc1 Rd8 29. Nb3 Rd5 30. Nxa5 {[%emt 0:05:58] White is clearly winning.} Rg5+ 31. Kf1 Nh3 {[%emt 0:02:43] And now ...Rg1+ would win.} 32. Rc2 h5 33. Nb3 Rg1+ 34. Ke2 Nf4+ 35. Kf3 e5 36. a5 g5 37. Ke4 Kg7 38. Kxe5 Rd1 39. Rd2 f6+ 40. Kd6 {[%emt 0:00:27] Weighted Error Value: White=0.27 (precise) /Black=0.47} 1-0

[Event "FIDE CB Open 2022"]
[Site "Ceske Budejovice"]
[Date "2022.07.05"]
[Round "5.15"]
[White "Pirola, Claudionor Alcides L"]
[Black "Dotzer, Lukas"]
[Result "1/2-1/2"]
[ECO "B48"]
[WhiteElo "2100"]
[BlackElo "2269"]
[Annotator "TA"]
[PlyCount "53"]
[EventDate "2022.07.01"]
[EventType "swiss"]
[EventCountry "CZE"]
[SourceTitle "playchess.com"]
[Source "ChessBase"]
[SourceQuality "1"]
[TimeControl "40/5400+30:1800+30"]

1. e4 c5 2. Nf3 e6 3. d4 cxd4 4. Nxd4 Nc6 5. Nc3 Qc7 6. Be3 a6 7. Qd2 Nf6 8. O-O-O Bb4 9. f3 b5 {[%emt 0:10:24] B48: Sicilian: Taimanov: 5 Nc3 Qc7 6 Be3 a6 without Be2.} (9... Ne5 $11) 10. Bf4 $14 e5 11. Nxc6 dxc6 {[%emt 0:00:07] [#]} ({Better is} 11... Bxc3 12. Qxc3 exf4) 12. Bxe5 $1 $16 {[%emt 0:00:36][%mdl 512] [#]} Qe7 $146 ({Predecessor:} 12... Qa5 13. a3 Be6 14. axb4 Qa1+ 15. Nb1 Ba2 16. Qd6 Qxb1+ 17. Kd2 Qxd1+ 18. Kxd1 Rd8 19. Qxd8+ Kxd8 20. Bxf6+ gxf6 21. b3 {1-0 (21) Seyb,A (2243)-Uhlmann,D (1987) Nuremberg 2008}) 13. a3 Ba5 (13... Bc5 {is a better defense.} 14. Qg5 Nh5 15. Qxe7+ (15. Qxh5 g6 $16) 15... Kxe7) 14. Bd6 $18 Qe6 15. b4 Bb6 16. e5 {[%emt 0:16:10] aiming for Bc5.} (16. Bc5 $6 Bc7 17. Be2 Nd7 $18) 16... Nd7 {[%emt 0:03:19] Prevents Bc5.} (16... Nd5 $142 17. Nxd5 cxd5 18. Qxd5 Qxd5 19. Rxd5 Be6) 17. a4 bxa4 $2 (17... a5 18. bxa5 (18. axb5 axb4 19. Nb1 Ra1 $16) 18... Bxa5 19. axb5 Bb7 20. bxc6 Bxc6) 18. Qf4 {[%emt 0:05:08] Threatens to win with Bc4.} (18. Qg5 Qh6 19. Qxh6 gxh6 20. Nxa4 Rg8 $18) 18... Nf8 (18... Qh6 $142 19. Qxh6 gxh6 20. Nxa4 Be3+ 21. Kb1 Nb6) 19. Nxa4 {[%emt 0:01:57] White is clearly winning.} Qf5 (19... Ba7 $142 20. Kb1 Qd7) 20. Qd2 {[%emt 0:02:34] Active counter play!} Bd8 21. h4 {[%emt 0:02:13] Prevents Bg5.} (21. Bxf8 Bg5 22. Bxg7 (22. f4 $2 Bxf4 23. Bd6 Be6 $19) 22... Bxd2+ 23. Rxd2 Qf4 $11) 21... Ng6 22. g3 {[%emt 0:01:26] Prevents Qf4. And now Qc3 would win.} Qxf3 {[%emt 0:00:41] [#]} (22... Ne7 $142 23. Bh3 Qxf3) 23. Kb2 $1 Qxg3 (23... Qxh1 24. Bg2) 24. Bg2 Bb7 25. Nc5 Nf4 26. Be4 f5 27. Rdg1 {[%emt 0:01:07][%mdl 32832] Trapped Piece. White took control after the opening.  Weighted Error Value: White=0.41/Black=0.86. An unexpected result.} 1/2-1/2

[Event "FIDE CB Open 2022"]
[Site "Ceske Budejovice"]
[Date "2022.07.05"]
[Round "5.16"]
[White "Slaby, Matej"]
[Black "Kratochvil, Vit"]
[Result "0-1"]
[ECO "A48"]
[WhiteElo "1796"]
[BlackElo "2237"]
[Annotator "TA"]
[PlyCount "154"]
[EventDate "2022.07.01"]
[EventType "swiss"]
[EventCountry "CZE"]
[SourceTitle "playchess.com"]
[Source "ChessBase"]
[SourceQuality "1"]
[TimeControl "40/5400+30:1800+30"]

1. Nf3 c5 2. c3 Nf6 3. d4 b6 4. e3 g6 5. Nbd2 Bg7 6. Bd3 O-O {[%emt 0:01:09] A48: 1 d4 Nf6 2 Nf3 g6: Torre, London and Colle Systems.} 7. O-O Ba6 8. Bxa6 Nxa6 {[%emt 0:02:28] White has an edge.} 9. Qe2 Qc8 10. a4 Qb7 {[%emt 0:05:43] [#]} 11. h3 $146 ({Predecessor:} 11. Ne5 d6 12. Nd3 Rac8 13. f4 e6 14. Nf2 cxd4 15. exd4 d5 16. Nf3 Nb8 17. Re1 {0-1 (55) Kuffner,W-Reinhard,M (2170) Wuerzburg 1995}) 11... Rfc8 12. Re1 Nc7 (12... d5 $15) 13. Ne5 Ne6 14. Qf3 Rab8 15. Qxb7 Rxb7 16. Ndf3 Rbc7 17. Nd2 Nd5 18. Nef3 cxd4 19. exd4 Nef4 20. Nb3 Nd3 21. Rd1 Nxc1 22. Nxc1 d6 23. Nd3 Bh6 24. Re1 a6 25. Kf1 Rb7 26. Ra3 Rc4 27. Rea1 f6 28. Re1 Kf7 29. g3 b5 30. axb5 axb5 31. Rea1 Rc6 (31... b4 $11 32. Rb3 Rb6) 32. Nfe1 $14 Bf8 33. Nc2 e5 34. Rb3 (34. Ndb4 $16 Nxb4 35. Nxb4) 34... Rc8 35. Ra5 Nc7 36. Na3 (36. Rba3 $14) 36... Rcb8 (36... exd4 $11 37. cxd4 f5) 37. Nb4 $1 d5 (37... Rc8 $14) 38. Nc6 $16 {[%emt 0:00:23] Pair of Knights!} Rc8 39. dxe5 Bxa3 40. Rbxa3 {[%emt 0:00:47] aiming for Ra7.} Rb6 41. Na7 Rcb8 42. exf6 $1 Kxf6 43. Rb3 Ke6 44. Rb4 Kd6 {[%emt 0:06:59] [#]} 45. Rh4 ({Better is} 45. Rf4 $1 $16) 45... h5 {[%emt 0:00:17] [#]} (45... Rh8 $1 $14) 46. Rf4 $1 Ke6 47. Kg2 Ra8 48. g4 hxg4 49. hxg4 ({Much less strong is} 49. Rxg4 Kf7 $16) 49... Rab8 50. g5 Ke7 51. Ra1 ({White should play} 51. Kg3) 51... Ra8 (51... Ne6 $142 52. Rf6 Rf8) 52. Rb4 Kd7 (52... Kf7 $16 {was worth a try.}) 53. Ra5 $4 (53. Rh4 $18 {is the narrow road to win.}) 53... Rb7 $19 {[%emt 0:00:38] Black converts the advantage convincingly.} 54. Rbxb5 $2 (54. Rf4 Raxa7 55. Rxa7 Rxa7 56. Rf7+ Kd6 57. Kg3) 54... Rbxa7 $2 (54... Nxb5 55. Rxb5 Raxa7 56. Rxd5+ Ke6) 55. Rxa7 Rxa7 {[%emt 0:00:04][%mdl 4096] Endgame KRN-KR} 56. Rb6 (56. Rb8 {was called for.}) 56... Ne6 57. Kg3 Ra4 {[%emt 0:00:43] Prevents f4.} ({Inferior is} 57... Nxg5 58. Rxg6 Nf7 59. Kf4) 58. b3 Re4 59. f3 Re5 60. Rb4 Nxg5 61. Rb7+ Ke8 62. Rg7 Re6 63. b4 Nf7 64. Rg8+ Kd7 65. Ra8 Rc6 66. Ra7+ $2 (66. Ra3) 66... Ke6 67. Ra3 Nd6 68. Kf4 Nb5 69. Ra5 Nxc3 {[%emt 0:00:19] Threatens to win with ...d4.} 70. b5 Rb6 {[%emt 0:00:54] And now ...d4 would win.} 71. Ra6 Rxa6 {[%emt 0:00:04] Black mates.} 72. bxa6 {[%emt 0:00:02] KN-KPP} Nb5 73. Kg5 d4 74. Kxg6 d3 75. f4 d2 76. f5+ Kd7 77. f6 d1=Q {[%emt 0:00:06] Weighted Error Value: White=0.42/Black=0.26 (precise)} 0-1

[Event "FIDE CB Open 2022"]
[Site "Ceske Budejovice"]
[Date "2022.07.05"]
[Round "5.17"]
[White "Abdulla, Khayala"]
[Black "Hladky, Tadeas"]
[Result "0-1"]
[ECO "D02"]
[WhiteElo "2207"]
[BlackElo "2095"]
[Annotator "TA"]
[PlyCount "134"]
[EventDate "2022.07.01"]
[EventType "swiss"]
[EventCountry "CZE"]
[SourceTitle "playchess.com"]
[Source "ChessBase"]
[SourceQuality "1"]
[TimeControl "40/5400+30:1800+30"]

1. d4 d5 2. Bf4 Nf6 3. e3 c5 4. Nf3 Nc6 5. Nbd2 Qb6 6. dxc5 {[%emt 0:01:38] D02: 1 d4 d5 2 Nf3 sidelines, including 2...Nf6 3 g3 and 2...Nf6 3 Bf4.} Qxb2 7. Rb1 Qc3 8. Bb5 {[%emt 0:01:03] The position is equal.} e6 {[%emt 0:01:02] 8...g6 is the hot move.} 9. Be5 Qxc5 10. c4 Bd7 {[%emt 0:08:17] [#]} ({Black should play} 10... a6 $11 11. Bd4 Qd6 12. Bxc6+ Qxc6) 11. Qa4 $146 (11. Ba4 $1 $14) ({Predecessor:} 11. Bxf6 gxf6 12. cxd5 Qxd5 13. O-O Nd8 14. Qa4 a6 15. Bxd7+ Qxd7 16. Qf4 Be7 17. Ne4 {1-0 (24) Atalik,E (2429)-Toncheva,N (2178) Struga 2021}) 11... Be7 (11... Nxe5 12. Nxe5 Bxb5 13. Rxb5 $11) (11... a6 $5 12. Bd4 Qd6 $15) 12. O-O O-O ({Don't do} 12... Nxe5 13. Nxe5 Bxb5 14. Rxb5 $14) 13. cxd5 Nxd5 ({Much less strong is} 13... Qxd5 14. Bxf6 gxf6 15. Qg4+ Kh8 16. Bc4 $11) 14. Bxc6 {[%emt 0:06:57] Black continues to play with concentration.} (14. Ba1 $15) 14... Bxc6 15. Qg4 Nf6 16. Qg3 Qc2 17. Bd4 Qg6 ({Better is} 17... Qxa2 $19 18. Rfd1 Qd5) 18. Qh3 Qg4 19. Qxg4 Nxg4 20. Rfc1 f6 21. Bc5 Bxc5 22. Rxc5 {[%emt 0:00:30] [#]} e5 {[%emt 0:07:50] Inhibits Nd4.} 23. Nb3 Rac8 24. Rbc1 Bd7 25. h3 Nh6 26. Rc7 Bc6 27. Rxc8 Rxc8 28. Ne1 b6 29. f3 Kf8 30. Kf2 Ke7 31. g4 Nf7 32. h4 Bd7 33. Rd1 (33. Rxc8 $142 Bxc8 34. Nd2) 33... Be6 34. Rd3 Nd6 35. e4 Nb5 36. Rd2 Rc3 37. Rb2 Nd6 38. Nd2 Nc4 39. Nxc4 Rxc4 $19 {[%emt 0:01:09][%mdl 4096] Endgame KRB-KRN} ({Inferior is} 39... Bxc4 40. Nc2) 40. Nc2 Ra4 41. a3 Kd6 42. g5 Kc5 43. gxf6 gxf6 44. Ke3 a5 45. Rb1 b5 46. Ra1 Bb3 47. Ne1 (47. Kd2 f5 48. exf5) 47... Kb6 48. Nd3 b4 49. f4 Rxa3 50. Rc1 Ba4 {[%emt 0:00:00] Threatens to win with ...Bb5.} 51. fxe5 fxe5 {[%emt 0:00:00] ( -> ...Bb5)} 52. Kd2 Ra2+ 53. Ke3 Rc2 54. Rb1 Rc3 55. Kd2 Rc2+ 56. Ke3 Rh2 {[%emt 0:00:07] And now ...Bc2 would win.} 57. Nxe5 Rxh4 58. Nc4+ Kb5 59. Rc1 Rh6 {[%emt 0:01:30] Inhibits Nd6+. White must now prevent ...Rc6.} 60. e5 b3 61. Nd6+ (61. Nb2 $142 Rh2 62. Rb1) 61... Kb4 62. Rc8 {[%emt 0:00:23] [#]} Rxd6 $1 63. exd6 (63. Rb8+ Ka3) 63... b2 64. Rb8+ Ka3 {[%emt 0:00:03] ...Ka2 is the strong threat.} 65. Kd2 Ka2 {[%emt 0:00:05] Black mates.} 66. d7 Bxd7 67. Kc2 Bf5+ {[%emt 0:00:11] Weighted Error Value: White=0.34/Black=0.21 (precise)} 0-1

[Event "FIDE CB Open 2022"]
[Site "Ceske Budejovice"]
[Date "2022.07.05"]
[Round "5.18"]
[White "Panjer, Sidney"]
[Black "Placer, Sebastian"]
[Result "1-0"]
[ECO "E04"]
[WhiteElo "2140"]
[BlackElo "2062"]
[Annotator "TA"]
[PlyCount "77"]
[EventDate "2022.07.01"]
[EventType "swiss"]
[EventCountry "CZE"]
[SourceTitle "playchess.com"]
[Source "ChessBase"]
[SourceQuality "1"]
[TimeControl "40/5400+30:1800+30"]

1. Nf3 d5 2. d4 Nf6 3. c4 e6 4. g3 dxc4 5. Qa4+ Nc6 6. Bg2 Bb4+ 7. Bd2 Nd5 8. Bxb4 Ndxb4 9. O-O Bd7 {[%emt 0:30:24] E04: Open Catalan: 5 Nf3.} (9... Rb8 $11) 10. Ne5 Qe7 {[%emt 0:16:29] Threatens to win with ...Nxe5.} 11. Nxd7 Qxd7 {[%emt 0:00:05] [#] White is better.} 12. a3 $146 ({Predecessor:} 12. Rd1 O-O-O 13. Nc3 Nd5 14. Qxc4 Kb8 15. Rac1 h5 16. Ne4 Na5 17. Qd3 b6 18. h4 {1-0 (56) Hagstroem,A (2464)-Schroeder,M (2439) ICCF email 2009}) 12... Nd5 13. e3 {[%emt 0:00:49][%mdl 1024] White has compensation.} Nb6 14. Qc2 O-O 15. Rd1 Na5 16. Nd2 Qa4 17. Qe4 (17. Rdc1 $11) 17... Nd5 18. Rdc1 b5 19. Qc2 (19. Qb1 $11) 19... Qxc2 $15 20. Rxc2 c6 21. Rb1 Rab8 22. b3 cxb3 23. Nxb3 Nc4 24. Ra1 Rfc8 25. Bf1 Ndb6 26. Nc5 Re8 (26... a5 $15) 27. Na6 $14 Rbc8 28. a4 Nd6 29. Nb4 Nxa4 30. Nxc6 a6 31. Rac1 ({White should play} 31. Bd3 $11) 31... Nb6 {[%emt 0:02:49] Pair of Knights!} (31... Kf8 $15) 32. Nb4 (32. Ra1 $11) 32... a5 (32... Rxc2 $142 33. Rxc2 a5) 33. Nc6 $17 {[%emt 0:00:40] [#]} Ra8 $1 34. Rb2 b4 (34... a4 $15 35. Bxb5 a3) 35. Ra1 $1 $11 Ndc4 36. Rc2 {[%emt 0:00:33] [#]} (36. Bxc4 $11 Nxc4 37. Rc2) 36... Nd6 (36... b3 $1 $17 37. Rxc4 Nxc4 38. Bxc4 a4) 37. Rxa5 $14 Rxa5 38. Nxa5 Rc8 39. Rxc8+ {[%emt 0:00:25] Weighted Error Value: White=0.26 (precise) /Black=0.25 (precise)} 1-0

[Event "FIDE CB Open 2022"]
[Site "Ceske Budejovice"]
[Date "2022.07.05"]
[Round "5.19"]
[White "Ondrejat, Miroslav"]
[Black "Hofstadler, Mario"]
[Result "1/2-1/2"]
[ECO "A39"]
[WhiteElo "1903"]
[BlackElo "2123"]
[Annotator "TA"]
[PlyCount "70"]
[EventDate "2022.07.01"]
[EventType "swiss"]
[EventCountry "CZE"]
[SourceTitle "playchess.com"]
[Source "ChessBase"]
[SourceQuality "1"]
[TimeControl "40/5400+30:1800+30"]

1. Nf3 Nf6 2. c4 g6 3. Nc3 c5 4. g3 Nc6 5. Bg2 Bg7 6. O-O O-O 7. d4 cxd4 8. Nxd4 Nxd4 {[%emt 0:08:12] 8...Qa5 deserves study.} 9. Qxd4 d6 10. Bg5 a6 {[%emt 0:22:43] A39: Symmetrical English vs ...g6: 4 Bg2 Bg7 5 Nf3 Nf6 6 0-0 0-0 7 d4.} 11. Qd2 Rb8 12. a4 Be6 {[%emt 0:01:39] [#] White is slightly better.} 13. Nd5 $146 ({Predecessor:} 13. b3 Re8 14. Rab1 Nd7 15. Rfc1 a5 16. e4 Nc5 17. Nb5 b6 18. Re1 {½-½ (35) Romm,M (2437)-Matyukhin,S (2504) ICCF email 2017}) 13... Bxd5 14. cxd5 Qd7 15. Rfc1 Rfc8 16. Qb4 (16. a5 {seems wilder.} Qf5 17. Bf4 h6 18. Bxh6 Bxh6 19. Qxh6 Qxf2+ 20. Kxf2 Ng4+ 21. Kf3) 16... Kf8 17. Be3 Rxc1+ 18. Rxc1 Rc8 19. Rxc8+ Qxc8 20. h4 Qc7 21. Qc3 (21. Bd2 $11 {was preferrable.}) 21... Qxc3 $1 $15 22. bxc3 {[%emt 0:00:01][%mdl 4096] Endgame KBB-KBN} Nd7 23. c4 Ke8 24. f4 Bc3 25. Bh3 Ba5 26. Bxd7+ Kxd7 $11 {[%emt 0:00:21] KB-KB} 27. Kf2 Kc7 28. Kf3 Bb6 {[%emt 0:00:53] [#] ...Bxe3 is the strong threat.} 29. Bd2 Bd4 30. Ba5+ Bb6 31. Bc3 Kb8 32. e4 Ka7 {[%emt 0:00:28] [#]} (32... Bc5 $14) 33. Be1 ({White should play} 33. Kg4 $1 $16) 33... Bc5 (33... Bd4 $11) 34. Ba5 Bb6 {[%emt 0:00:05] Prevents Bd8.} 35. Be1 Bc5 {[%emt 0:00:52] Weighted Error Value: White=0.21 (precise) /Black=0.16 (very precise)} 1/2-1/2